 Dungeon Crawl Stone Soup version 0.20.1-1-g8b1a95d (webtiles) character file.

443 Irenicus the Insei (level 7, 0/69 HPs)
             Began as an Octopode Chaos Knight on Oct 13, 2017.
             Slain by an ice beast (10 damage)
             ... on level 6 of the Dungeon.
             The game lasted 00:08:07 (3900 turns).

Irenicus the Insei (Octopode Chaos Knight)          Turns: 3900, Time: 00:08:09

Health: 0/69       AC: 23    Str: 11    XL:     7   Next: 2%
Magic:  7/7        EV:  2    Int: 19    God:    Xom [......]
Gold:   243        SH:  0    Dex: 19    Spells: 6/6 levels left

rFire    . . .     SeeInvis .     - Unarmed
rCold    . . .     Gourm    .   (no shield)
rNeg     + + +     Faith    .   (helmet currently unavailable)
rPois    +         Spirit   .   (no amulet)
rElec    .         Reflect  .   h - ring of poison resistance
rCorr    .         Harm     .   (no ring)
MR       .....     NoTele   +   (no ring)
Stlth    +++++.....             (no ring)
Regen    0.3/turn               (no ring)
MPRegen  0.1/turn               (no ring)
                                (no ring)
                                (no ring)

@: brilliant, agile, tree-form, especially stealthy
A: almost no armour, stealthy swim, (amphibious), 8 rings, (constrict 8)
a: Renounce Religion


You were on level 6 of the Dungeon.
You worshipped Xom.
You were a very special plaything of Xom.
You were not hungry.
You were a tree.
You visited 1 branch of the dungeon, and saw 6 of its levels.

You collected 243 gold pieces.

Inventory:

Hand Weapons
 b - a +0 dagger of speed
 m - a +2 short sword of electrocution
Jewellery
 h - a ring of poison resistance (left branch)
 q - an uncursed ring of fire
Scrolls
 c - a scroll of immolation {unknown}
 d - 4 scrolls of identify {unknown}
 e - 2 scrolls of teleportation {unknown}
 f - 2 scrolls of remove curse
 j - a scroll of blinking {unknown}
Potions
 g - a potion of flight
 k - 3 potions of haste
 n - a potion of heal wounds {unknown}
 o - a potion of curing {unknown}
Comestibles
 a - 3 bread rations
 i - a royal jelly
 p - a chunk of flesh


   Skills:
 - Level 3.0 Fighting
 - Level 2.3 Dodging
 + Level 7.7 Unarmed Combat


You had 6 spell levels left.
You didn't know any spells.

Dungeon Overview and Level Annotations

Branches:
Dungeon (6/15)
 Temple: D:4-7

Altars:
Cheibriados
Okawaru
Zin
The Shining One

Annotations:
D:4 VirginKiller's ghost, amateur DgTm
D:5 ThereIsNoGod's ghost, novice TrFi


Innate Abilities, Weirdness & Mutations

You cannot wear most types of armour.
You are very stealthy in the water. (Stealth+)
((You are amphibious.))
You can wear up to eight rings at the same time.
((You can use your tentacles to constrict eight enemies at once.))
((Your skin changes colour to match your surroundings (Stealth+).))
((Your rubbery body absorbs attacks. (AC +1, EV +1)))


Message History

You barely miss the ice beast.
The ice beast is moderately wounded.
The ice beast hits you but does no damage.
It was a potion of brilliance.
You feel clever all of a sudden.
Xom roars with laughter!
The ice beast barely misses you.
You hit the ice beast but do no damage.
The ice beast is moderately wounded.
The ice beast hits you but does no damage.
It was a potion of agility.
You feel agile all of a sudden.
The ice beast hits you but does no damage.
You hit the ice beast but do no damage.
The ice beast is moderately wounded.
The ice beast hits you.
* * * LOW HITPOINT WARNING * * *
The ice beast freezes you!
You die...
Xom roars with laughter!

...####.##........
........>.......!.
..................
..................
>.................
..................
.............##.?.
..).......Y....%..
..####.#..♣.......
...##.....#.?####..
...<........## .
..#..#.#.......
....##<##.####..
.(.# #.#..# #.#.##
.... ...


You could see an ice beast.

Vanquished Creatures
  A howler monkey (D:4)
  2 crimson imps (D:5)
  2 orc priests
  Jessica (D:3)
  3 worker ants
  9 adders
  4 worms
  5 leopard geckos
  12 orcs
  4 ball pythons
  5 bats
  3 giant cockroaches
  4 goblins
  7 hobgoblins
  2 jackals (D:1)
  2 quokkas
  4 frilled lizards
  A jackal skeleton (D:5)
  4 kobolds
  A leopard gecko skeleton (D:4)
  7 rats
83 creatures vanquished.

Notes
Turn   | Place    | Note
-------+----------+-------------------------------------------
     0 | D:1      | Irenicus the Octopode Chaos Knight began the quest for the Orb.
     0 | D:1      | Reached XP level 1. HP: 16/16 MP: 1/1
   397 | D:1      | Reached XP level 2. HP: 12/21 MP: 2/2
   652 | D:2      | XOM: divination: magic mapping
   728 | D:2      | Reached skill level 4 in Unarmed Combat
   770 | D:2      | XOM is BORED!
   770 | D:2      | XOM: silly message
   775 | D:2      | Found an iron altar of Okawaru.
   775 | D:2      | Found a snail-covered altar of Cheibriados.
   852 | D:2      | Reached XP level 3. HP: 16/26 MP: 3/3
   875 | D:2      | Found a glowing golden altar of the Shining One.
  1330 | D:2      | Reached XP level 4. HP: 15/31 MP: 4/4
  1549 | D:2      | XOM: cloud trail
  1592 | D:3      | Reached skill level 5 in Unarmed Combat
  1920 | D:3      | Found a glowing silver altar of Zin.
  1960 | D:3      | XOM: silly message
  2069 | D:3      | Noticed Jessica
  2077 | D:3      | Killed Jessica
  2077 | D:3      | Reached XP level 5. HP: 30/36 MP: 5/5
  2140 | D:3      | XOM: potion effect (might)
  2143 | D:3      | Reached skill level 6 in Unarmed Combat
  2201 | D:3      | XOM: harmless Hex miscast
  2521 | D:4      | Noticed VirginKiller's ghost (amateur DgTm)
  2587 | D:4      | XOM: mild Air miscast
  2588 | D:4      | XOM: harmless Tmut miscast
  2591 | D:4      | Reached XP level 6. HP: 40/42 MP: 6/6
  2701 | D:4      | XOM: divination: detect items
  2766 | D:4      | XOM: divination: magic mapping
  2771 | D:4      | Reached skill level 7 in Unarmed Combat
  2775 | D:4      | XOM: blink monster(s)
  3199 | D:4      | XOM: harmless Pois miscast
  3543 | D:5      | Entered Level 5 of the Dungeon
  3808 | D:5      | Reached XP level 7. HP: 27/46 MP: 7/7
  3840 | D:5      | Noticed ThereIsNoGod's ghost (novice TrFi)
  3846 | D:5      | XOM: harmless Pois miscast
  3876 | D:6      | XOM: stealth player
  3900 | D:6      | Slain by an ice beast

Skill      XL: |  1  2  3  4  5  6 |
---------------+-------------------+-----
Unarmed Combat | 4 5 6 7 |  7.7
Fighting       | |  3.0
Dodging        | |  2.3

Action                   |  1- 3 |  4- 6 |  7- 9 || total
-------------------------+-------+-------+-------++-------
Melee: Unarmed           |    73 |   140 |     6 ||   219
       Constrict         |    22 |    34 |       ||    56
       Tentacles         |    12 |    21 |     1 ||    34
       Punch             |     1 |     8 |       ||     9
       Short sword       |       |     1 |       ||     1
  Use: Scroll            |     1 |       |       ||     1
       Potion            |       |       |     4 ||     4
 Stab: Sleeping          |     6 |     9 |     1 ||    16
  Eat: Chunk             |     1 |     8 |       ||     9
Armor: Skin              |       |     8 |     5 ||    13
Dodge: Dodged            |    27 |    67 |     1 ||    95
